[ AOE2 MATCH · #477559630 ]
Team RMBohemians vs Mongols
[ REPLAY ANALYSIS · EXTRACTED FROM THE RECORDED GAME ]
Feudal
12:43
Castle
24:29
Imperial
32:01
| APM avg | 12.7 |
| APM peak | 64 |
| eAPM avg | 7.7 |
| Villagers / military | 115 / 147 |
Focus
⚔️ 23.1% · 🌾 76.9%
Spearman ×110 · Hussite Wagon ×33 · Trade Cart ×26 · Scout Cavalry ×4
Feudal
13:58
Castle
18:18
Imperial
31:53
| APM avg | 30.2 |
| APM peak | 84 |
| eAPM avg | 14.0 |
| Villagers / military | 158 / 332 |
Focus
⚔️ 24.8% · 🌾 75.2%
Janissary ×282 · Bombard Cannon ×50 · Trade Cart ×24
Feudal
10:17
Castle
16:11
Imperial
38:09
| APM avg | 10.7 |
| APM peak | 57 |
| eAPM avg | 6.9 |
| Villagers / military | 112 / 82 |
Focus
⚔️ 31.0% · 🌾 69.0%
Cavalry Archer ×52 · Conquistador ×17 · Spearman ×11 · Battering Ram ×1 · Archer ×1
Feudal
13:12
Castle
17:08
Imperial
32:17
| APM avg | 14.8 |
| APM peak | 76 |
| eAPM avg | 12.0 |
| Villagers / military | 162 / 1100 |
Focus
⚔️ 50.6% · 🌾 49.4%
Spearman ×500 · Huskarl ×380 · Militia ×205 · Trebuchet (Packed) ×15
Feudal
10:39
Castle
14:37
Imperial
38:12
| APM avg | 28.9 |
| APM peak | 66 |
| eAPM avg | 14.4 |
| Villagers / military | 176 / 425 |
Focus
⚔️ 31.3% · 🌾 68.7%
Knight ×284 · Scout Cavalry ×131 · Monk ×8 · Leitis ×2
Feudal
10:11
Castle
14:13
Imperial
31:11
| APM avg | 32.9 |
| APM peak | 77 |
| eAPM avg | 14.5 |
| Villagers / military | 135 / 182 |
Focus
⚔️ 40.5% · 🌾 59.5%
Mangudai ×109 · Mangonel ×38 · Skirmisher ×24 · Trebuchet (Packed) ×11 · Trade Cart ×9
Feudal
13:01
Castle
17:35
Imperial
39:40
| APM avg | 20.2 |
| APM peak | 64 |
| eAPM avg | 14.1 |
| Villagers / military | 124 / 483 |
Focus
⚔️ 50.6% · 🌾 49.4%
Spearman ×376 · Monk ×102 · Trade Cart ×33 · Jaguar Warrior ×3 · Battering Ram ×2
Feudal
11:44
Castle
16:07
Imperial
39:30
| APM avg | 18.2 |
| APM peak | 82 |
| eAPM avg | 13.6 |
| Villagers / military | 126 / 305 |
Focus
⚔️ 44.2% · 🌾 55.8%
Skirmisher ×148 · Knight ×135 · Trade Cart ×34 · Trebuchet (Packed) ×12 · Scout Cavalry ×10
Match map
Initial resources + every placement click. Lines = walls · curves = elevation contours. ◆ gold · ⬟ stone · ● berries · ✦ relic · ◌ wall gap
Your base· ✓ Closed at 24:29 · 0t walls · 3 gate(s)
PAVE's base· ✓ Closed at 18:18 · 0t walls · 3 gate(s)
davidmarius's base· ✓ Closed at 16:11 · 0t walls · 3 gate(s)
.:sTeeL:.'s base· ✓ Closed at 17:08 · 0t walls · 2 gate(s)
Murmaider's base· ✓ Closed at 14:37 · 0t walls · 2 gate(s)
marktpedron's base· ✓ Closed at 14:13 · 0t walls · 3 gate(s)
brunohay's base· ✓ Closed at 17:35 · 0t walls · 2 gate(s)
r45's base· ✓ Closed at 16:07 · 0t walls · 2 gate(s)
Smoothed initial terrain · ◌ = detected wall gap · hover for details
Inputs per minute
— 飄飄雲 - - PAVE
Build order — 飄飄雲
First 150 of 365 actions detected
| 0:18 | Build | House |
| 0:24 | Build | House |
| 0:25 | Build | House |
| 0:31 | Create | Villager (Male) |
| 0:38 | Create | Villager (Male) |
| 0:38 | Create | Villager (Male) |
| 0:40 | Create | Villager (Male) |
| 2:34 | Create | Villager (Male) |
| 3:10 | Create | Villager (Male) |
| 3:31 | Create | Villager (Male) |
| 4:09 | Create | Villager (Male) |
| 4:31 | Create | Villager (Male) |
| 5:18 | Create | Villager (Male) |
| 5:35 | Create | Villager (Male) |
| 6:05 | Create | Villager (Male) |
| 6:28 | Create | Villager (Male) |
| 6:40 | Create | Villager (Male) |
| 6:41 | Create | Villager (Male) |
| 6:43 | Create | Villager (Male) |
| 7:25 | Build | House |
| 7:29 | Build | House |
| 7:32 | Build | House |
| 7:34 | Build | House |
| 7:43 | Build | Lumber Camp |
| 7:56 | Build | Mill |
| 8:09 | Create | Villager (Male) |
| 8:11 | Create | Villager (Male) |
| 9:28 | Build | Barracks |
| 9:41 | Research | Loom |
| 10:08 | Create | Villager (Male) |
| 10:12 | Research | Feudal Age |
| 10:50 | Build | Mining Camp |
| 11:05 | Build | House |
| 11:06 | Build | House |
| 11:08 | Build | House |
| 11:10 | Build | House |
| 11:12 | Build | House |
| 11:42 | Create | Villager (Male) |
| 11:42 | Create | Villager (Male) |
| 12:43 | Age | Feudal Age |
| 13:12 | Build | Blacksmith |
| 13:18 | Build | Archery Range |
| 13:25 | Build | Stable |
| 13:31 | Build | Farm |
| 13:39 | Build | Farm |
| 13:42 | Create | Villager (Male) |
| 13:42 | Create | Villager (Male) |
| 14:00 | Create | Villager (Male) |
| 14:01 | Create | Villager (Male) |
| 14:02 | Create | Villager (Male) |
| 14:16 | Build | Market |
| 14:44 | Create | Villager (Male) |
| 14:45 | Create | Villager (Male) |
| 15:55 | Build | Farm |
| 15:57 | Build | Farm |
| 15:58 | Build | Farm |
| 16:01 | Build | Farm |
| 16:03 | Build | Farm |
| 16:05 | Build | Farm |
| 16:11 | Build | Farm |
| 16:12 | Build | Farm |
| 16:33 | Research | Town Watch |
| 16:47 | Build | House |
| 16:53 | Create | Villager (Male) |
| 16:53 | Create | Villager (Male) |
| 16:54 | Create | Villager (Male) |
| 16:59 | Research | Double-Bit Axe |
| 17:03 | Research | Horse Collar |
| 17:31 | Build | Watch Tower |
| 17:47 | Build | Mining Camp |
| 18:36 | Create | Villager (Male) |
| 18:36 | Create | Villager (Male) |
| 19:02 | Build | Farm |
| 19:06 | Build | Farm |
| 19:29 | Build | Farm |
| 19:40 | Build | Farm |
| 19:53 | Create | Villager (Male) |
| 19:53 | Create | Villager (Male) |
| 19:58 | Create | Scout Cavalry |
| 20:13 | Create | Scout Cavalry |
| 20:22 | Build | Farm |
| 20:49 | Build | Farm |
| 21:49 | Research | Castle Age |
| 23:07 | Research | Scale Barding Armor |
| 23:08 | Create | Scout Cavalry |
| 23:09 | Create | Scout Cavalry |
| 24:25 | Create | Spearman |
| 24:29 | Age | Castle Age |
| 24:49 | Build | Town Center |
| 25:51 | Build | University |
| 26:00 | Build | Monastery |
| 26:33 | Research | Fletching |
| 26:40 | Create | Villager (Male) |
| 26:41 | Create | Villager (Male) |
| 27:00 | Research | Treadmill Crane |
| 27:04 | Research | Ballistics |
| 27:30 | Create | Villager (Male) |
| 27:30 | Create | Villager (Male) |
| 27:56 | Build | Town Center |
| 28:32 | Build | Castle |
| 28:51 | Research | Imperial Age |
| 28:52 | Create | Villager (Male) |
| 28:54 | Create | Villager (Male) |
| 29:05 | Research | Bow Saw |
| 29:09 | Research | Masonry |
| 30:11 | Create | Villager (Male) |
| 30:11 | Create | Villager (Male) |
| 30:12 | Create | Villager (Male) |
| 30:12 | Create | Villager (Male) |
| 30:12 | Create | Villager (Male) |
| 30:12 | Create | Villager (Male) |
| 30:13 | Create | Villager (Male) |
| 30:17 | Create | Villager (Male) |
| 30:45 | Create | Villager (Male) |
| 30:45 | Create | Villager (Male) |
| 31:09 | Build | Farm |
| 31:12 | Build | Farm |
| 31:18 | Research | Heavy Plow |
| 31:52 | Build | Farm |
| 32:01 | Age | Imperial Age |
| 32:01 | Build | Farm |
| 32:09 | Research | Wheelbarrow |
| 32:19 | Research | Conscription |
| 32:29 | Build | Farm |
| 32:51 | Research | Town Patrol |
| 33:12 | Build | Siege Workshop |
| 33:25 | Build | Barracks |
| 33:32 | Build | Barracks |
| 33:33 | Build | Barracks |
| 33:34 | Build | Barracks |
| 34:07 | Build | Lumber Camp |
| 34:31 | Create | Villager (Male) |
| 34:32 | Create | Villager (Male) |
| 34:32 | Create | Villager (Male) |
| 35:36 | Research | Pikeman (upgrade) |
| 35:39 | Research | Squires |
| 35:43 | Create | Spearman ×5 |
| 35:43 | Create | Spearman ×5 |
| 35:43 | Create | Spearman ×5 |
| 35:44 | Create | Spearman ×5 |
| 35:56 | Create | Hussite Wagon |
| 35:57 | Create | Hussite Wagon |
| 35:58 | Create | Hussite Wagon |
| 36:40 | Research | Arson |
| 36:44 | Research | Halberdier (upgrade) |
| 37:37 | Create | Spearman |
| 37:37 | Create | Spearman |
| 37:38 | Create | Spearman |
| 37:38 | Create | Spearman |
| 37:38 | Create | Spearman |
Build order — PAVE
First 150 of 462 actions detected
| 0:03 | Create | Villager (Male) |
| 0:04 | Create | Villager (Male) |
| 0:04 | Create | Villager (Male) |
| 0:04 | Create | Villager (Male) |
| 0:04 | Create | Villager (Male) |
| 0:08 | Build | House |
| 0:10 | Build | House |
| 0:59 | Build | House |
| 1:49 | Create | Villager (Male) |
| 1:49 | Create | Villager (Male) |
| 1:50 | Create | Villager (Male) |
| 2:28 | Create | Villager (Male) |
| 2:29 | Create | Villager (Male) |
| 2:47 | Create | Villager (Male) |
| 2:48 | Create | Villager (Male) |
| 2:48 | Create | Villager (Male) |
| 3:27 | Create | Villager (Male) |
| 3:28 | Create | Villager (Male) |
| 3:28 | Create | Villager (Male) |
| 4:23 | Create | Villager (Male) |
| 4:23 | Create | Villager (Male) |
| 5:08 | Create | Villager (Male) ×3 |
| 5:08 | Create | Villager (Male) ×3 |
| 5:21 | Create | Villager (Male) ×2 |
| 5:21 | Create | Villager (Male) ×2 |
| 5:46 | Build | Mill |
| 6:12 | Create | Villager (Male) |
| 7:03 | Create | Villager (Male) |
| 7:15 | Build | House |
| 7:16 | Build | House |
| 7:58 | Create | Villager (Male) |
| 8:06 | Build | House |
| 8:07 | Build | House |
| 8:10 | Create | Villager (Male) |
| 9:04 | Create | Villager (Male) |
| 9:15 | Create | Villager (Male) |
| 9:15 | Create | Villager (Male) |
| 9:36 | Build | Mining Camp |
| 9:56 | Build | Lumber Camp |
| 10:33 | Create | Villager (Male) |
| 10:33 | Create | Villager (Male) |
| 10:33 | Create | Villager (Male) |
| 11:09 | Build | Mining Camp |
| 11:36 | Research | Feudal Age |
| 12:58 | Build | Farm |
| 13:02 | Build | Farm |
| 13:03 | Build | Farm |
| 13:04 | Build | Farm |
| 13:06 | Build | Farm |
| 13:07 | Build | Farm |
| 13:10 | Build | Farm |
| 13:11 | Build | Farm |
| 13:45 | Create | Villager (Male) |
| 13:45 | Create | Villager (Male) |
| 13:45 | Create | Villager (Male) |
| 13:45 | Create | Villager (Male) |
| 13:58 | Age | Feudal Age |
| 14:02 | Build | Market |
| 14:10 | Build | Blacksmith |
| 14:56 | Build | House |
| 15:34 | Research | Castle Age |
| 15:54 | Research | Double-Bit Axe |
| 15:54 | Research | Double-Bit Axe |
| 16:08 | Research | Horse Collar |
| 16:52 | Research | Stone Mining |
| 16:56 | Research | Gold Mining |
| 17:33 | Create | Villager (Male) |
| 17:33 | Create | Villager (Male) |
| 17:33 | Create | Villager (Male) |
| 18:18 | Age | Castle Age |
| 18:23 | Build | Town Center |
| 18:44 | Build | Town Center |
| 18:51 | Create | Villager (Male) |
| 18:51 | Create | Villager (Male) |
| 19:02 | Build | Farm |
| 19:12 | Build | Farm |
| 19:16 | Build | Farm |
| 19:18 | Build | Farm |
| 19:20 | Build | Farm |
| 19:28 | Create | Villager (Male) |
| 19:28 | Create | Villager (Male) |
| 19:29 | Create | Villager (Male) |
| 19:42 | Create | Villager (Male) |
| 19:43 | Create | Villager (Male) |
| 20:12 | Create | Villager (Male) |
| 20:12 | Create | Villager (Male) |
| 20:13 | Create | Villager (Male) |
| 20:24 | Build | Farm |
| 20:31 | Create | Villager (Male) |
| 20:44 | Create | Villager (Male) |
| 20:48 | Build | Farm |
| 20:50 | Create | Villager (Male) |
| 21:01 | Build | Farm |
| 21:04 | Create | Villager (Male) |
| 21:10 | Build | Farm |
| 21:13 | Create | Villager (Male) |
| 21:21 | Build | Farm |
| 21:30 | Build | Farm |
| 21:33 | Create | Villager (Male) |
| 21:35 | Create | Villager (Male) |
| 21:38 | Build | Farm |
| 21:40 | Build | Farm |
| 21:44 | Create | Villager (Male) |
| 21:48 | Create | Villager (Male) |
| 21:52 | Build | Farm |
| 22:01 | Build | Farm |
| 22:09 | Build | Farm |
| 22:12 | Build | Farm |
| 22:14 | Create | Villager (Male) |
| 22:19 | Build | Farm |
| 22:30 | Build | Farm |
| 22:34 | Build | Farm |
| 22:37 | Create | Villager (Male) |
| 22:38 | Create | Villager (Male) |
| 22:39 | Create | Villager (Male) |
| 22:41 | Create | Villager (Male) |
| 22:41 | Create | Villager (Male) |
| 22:47 | Research | Wheelbarrow |
| 22:51 | Research | Loom |
| 22:54 | Build | House |
| 22:55 | Build | House |
| 23:05 | Research | Town Watch |
| 23:07 | Create | Villager (Male) |
| 23:09 | Create | Villager (Male) |
| 23:11 | Create | Villager (Male) |
| 23:11 | Create | Villager (Male) |
| 23:36 | Create | Villager (Male) |
| 23:40 | Build | House |
| 23:42 | Build | House |
| 23:44 | Build | House |
| 23:45 | Build | House |
| 23:52 | Create | Villager (Male) |
| 23:53 | Create | Villager (Male) |
| 24:20 | Build | Farm |
| 24:28 | Create | Villager (Male) |
| 24:28 | Create | Villager (Male) |
| 24:31 | Create | Villager (Male) |
| 24:31 | Create | Villager (Male) |
| 24:31 | Create | Villager (Male) |
| 24:35 | Create | Villager (Male) |
| 24:36 | Create | Villager (Male) |
| 24:39 | Build | Farm |
| 24:59 | Build | Farm |
| 25:04 | Create | Villager (Male) |
| 25:06 | Create | Villager (Male) |
| 25:07 | Create | Villager (Male) |
| 25:15 | Build | House |
| 25:26 | Build | House |
| 25:32 | Build | Blacksmith |
| 25:33 | Build | House |
Build order — davidmarius
First 150 of 306 actions detected
| 0:04 | Build | House |
| 0:06 | Build | House |
| 0:10 | Create | Villager (Male) |
| 0:10 | Create | Villager (Male) |
| 0:10 | Create | Villager (Male) |
| 0:10 | Create | Villager (Male) |
| 1:52 | Create | Villager (Male) |
| 2:03 | Build | Lumber Camp |
| 2:08 | Create | Villager (Male) |
| 2:37 | Create | Villager (Male) |
| 3:12 | Build | House |
| 3:15 | Create | Villager (Male) |
| 3:15 | Create | Villager (Male) |
| 3:59 | Create | Villager (Male) |
| 4:10 | Build | Mill |
| 4:35 | Create | Villager (Male) |
| 4:36 | Create | Villager (Male) |
| 5:30 | Create | Villager (Male) |
| 5:30 | Create | Villager (Male) |
| 5:50 | Create | Villager (Male) |
| 6:23 | Create | Villager (Male) |
| 6:23 | Create | Villager (Male) |
| 6:27 | Build | House |
| 6:57 | Create | Villager (Male) |
| 6:57 | Create | Villager (Male) |
| 7:01 | Create | Villager (Male) |
| 7:59 | Build | Mining Camp |
| 8:07 | Research | Feudal Age |
| 9:15 | Create | Villager (Male) |
| 9:15 | Create | Villager (Male) |
| 9:15 | Create | Villager (Male) |
| 10:17 | Age | Feudal Age |
| 10:25 | Build | Market |
| 10:34 | Build | Blacksmith |
| 11:11 | Build | Farm |
| 11:12 | Build | Farm |
| 11:12 | Build | Farm |
| 11:35 | Build | Farm |
| 11:37 | Build | Farm |
| 12:01 | Create | Villager (Male) |
| 12:37 | Create | Villager (Male) |
| 12:46 | Build | House |
| 13:20 | Research | Castle Age |
| 14:22 | Create | Villager (Male) |
| 14:22 | Create | Villager (Male) |
| 14:23 | Create | Villager (Male) |
| 14:24 | Create | Villager (Male) |
| 14:35 | Build | House |
| 14:50 | Build | Farm |
| 14:51 | Build | Farm |
| 14:52 | Build | Farm |
| 14:52 | Build | Farm |
| 15:15 | Research | Double-Bit Axe |
| 15:23 | Build | Farm |
| 15:24 | Build | Farm |
| 15:37 | Build | House |
| 15:48 | Research | Horse Collar |
| 16:04 | Build | House |
| 16:11 | Age | Castle Age |
| 16:17 | Build | Town Center |
| 16:34 | Build | House |
| 16:46 | Build | Farm |
| 16:49 | Research | Horse Collar |
| 17:07 | Build | House |
| 17:16 | Build | Farm |
| 17:18 | Create | Villager (Male) |
| 17:18 | Create | Villager (Male) |
| 17:18 | Create | Villager (Male) |
| 17:19 | Create | Villager (Male) |
| 17:29 | Create | Villager (Male) |
| 17:29 | Create | Villager (Male) |
| 17:29 | Create | Villager (Male) |
| 17:30 | Create | Villager (Male) |
| 17:36 | Build | Farm |
| 17:38 | Research | Horse Collar |
| 17:47 | Build | House |
| 17:58 | Build | Farm |
| 18:03 | Build | Farm |
| 18:06 | Create | Villager (Male) |
| 18:20 | Build | House |
| 18:32 | Create | Villager (Male) |
| 18:32 | Create | Villager (Male) |
| 18:42 | Research | Bow Saw |
| 18:56 | Build | House |
| 18:58 | Create | Villager (Male) |
| 18:58 | Create | Villager (Male) |
| 19:18 | Build | Town Center |
| 19:25 | Build | House |
| 20:10 | Create | Villager (Male) |
| 20:10 | Create | Villager (Male) |
| 20:11 | Create | Villager (Male) |
| 20:11 | Create | Villager (Male) |
| 20:18 | Build | Barracks |
| 20:36 | Create | Villager (Male) |
| 20:36 | Create | Villager (Male) |
| 20:36 | Create | Villager (Male) |
| 20:42 | Create | Villager (Male) |
| 20:42 | Create | Villager (Male) |
| 21:37 | Build | Stone Wall |
| 22:02 | Create | Villager (Male) |
| 22:02 | Create | Villager (Male) |
| 22:02 | Create | Villager (Male) |
| 22:03 | Create | Villager (Male) |
| 22:03 | Create | Villager (Male) |
| 22:03 | Create | Villager (Male) |
| 22:03 | Create | Villager (Male) |
| 22:17 | Build | Archery Range |
| 22:18 | Build | Archery Range |
| 22:20 | Build | Archery Range |
| 22:21 | Build | Archery Range |
| 22:26 | Create | Villager (Male) |
| 22:26 | Create | Villager (Male) |
| 22:26 | Create | Villager (Male) |
| 22:45 | Research | Scale Barding Armor |
| 22:51 | Research | Fletching |
| 22:52 | Research | Padded Archer Armor |
| 23:09 | Research | Gold Mining |
| 23:11 | Create | Villager (Male) |
| 23:11 | Create | Villager (Male) |
| 23:34 | Create | Villager (Male) |
| 23:35 | Create | Villager (Male) |
| 23:45 | Build | Farm |
| 23:45 | Build | Farm |
| 23:46 | Build | Farm |
| 23:47 | Build | Farm |
| 23:59 | Build | House |
| 24:00 | Build | House |
| 24:00 | Build | House |
| 24:01 | Build | House |
| 24:02 | Build | House |
| 24:03 | Build | House |
| 24:04 | Build | House |
| 24:05 | Build | House |
| 24:11 | Create | Villager (Male) |
| 24:12 | Create | Villager (Male) |
| 24:12 | Create | Villager (Male) |
| 24:14 | Research | Loom |
| 24:26 | Create | Cavalry Archer |
| 24:27 | Create | Cavalry Archer |
| 24:27 | Create | Cavalry Archer |
| 24:27 | Create | Cavalry Archer |
| 24:27 | Create | Cavalry Archer |
| 24:52 | Research | Bodkin Arrow |
| 24:55 | Create | Villager (Male) |
| 24:55 | Create | Villager (Male) |
| 25:09 | Build | Mining Camp |
| 25:19 | Create | Villager (Male) |
| 25:20 | Create | Villager (Male) |
| 25:43 | Build | Archery Range |
| 25:46 | Create | Villager (Male) |
Build order — .:sTeeL:.
First 150 of 558 actions detected
| 0:03 | Create | Villager (Male) |
| 0:04 | Create | Villager (Male) |
| 0:04 | Create | Villager (Male) |
| 0:04 | Create | Villager (Male) |
| 0:09 | Build | House |
| 0:14 | Build | House |
| 0:32 | Research | Loom |
| 0:33 | Create | Villager (Male) ×2 |
| 1:41 | Create | Villager (Male) |
| 1:41 | Create | Villager (Male) |
| 2:07 | Create | Villager (Male) |
| 2:15 | Build | Lumber Camp |
| 2:20 | Build | House |
| 2:27 | Build | House |
| 2:31 | Create | Villager (Male) |
| 2:55 | Create | Villager (Male) |
| 3:31 | Create | Villager (Male) |
| 3:54 | Create | Villager (Male) |
| 4:02 | Create | Villager (Male) |
| 4:18 | Build | Mill |
| 4:32 | Create | Villager (Male) |
| 4:56 | Create | Villager (Male) |
| 5:24 | Create | Villager (Male) |
| 5:31 | Create | Villager (Male) |
| 6:09 | Create | Villager (Male) |
| 6:23 | Create | Villager (Male) |
| 6:48 | Build | Mill |
| 6:53 | Create | Villager (Male) |
| 7:22 | Create | Villager (Male) |
| 7:49 | Build | House |
| 7:55 | Build | House |
| 7:56 | Build | House |
| 8:02 | Build | Mining Camp |
| 8:05 | Create | Villager (Male) |
| 8:15 | Build | Lumber Camp |
| 8:31 | Create | Villager (Male) |
| 8:36 | Create | Villager (Male) |
| 8:36 | Create | Villager (Male) |
| 8:37 | Create | Villager (Male) |
| 8:37 | Create | Villager (Male) |
| 8:49 | Create | Villager (Male) |
| 8:50 | Create | Villager (Male) |
| 8:50 | Create | Villager (Male) |
| 10:25 | Research | Feudal Age |
| 10:32 | Build | Lumber Camp |
| 10:39 | Build | Farm |
| 10:40 | Build | Farm |
| 10:42 | Build | Farm |
| 10:44 | Build | Farm |
| 10:46 | Build | Farm |
| 11:24 | Create | Villager (Male) |
| 11:24 | Create | Villager (Male) |
| 11:41 | Build | Farm |
| 11:42 | Build | Farm |
| 11:43 | Build | Farm |
| 11:44 | Build | Farm |
| 11:48 | Build | Farm |
| 11:50 | Build | Farm |
| 13:12 | Age | Feudal Age |
| 13:19 | Build | Market |
| 13:28 | Build | Blacksmith |
| 13:54 | Create | Villager (Male) |
| 14:28 | Research | Castle Age |
| 14:34 | Build | Farm |
| 14:48 | Build | Farm |
| 14:49 | Build | Farm |
| 14:50 | Build | Farm |
| 14:52 | Build | Farm |
| 14:57 | Research | Horse Collar |
| 15:04 | Research | Double-Bit Axe |
| 15:12 | Research | Gold Mining |
| 15:28 | Research | Stone Mining |
| 15:35 | Create | Villager (Male) |
| 16:01 | Research | Wheelbarrow |
| 17:08 | Age | Castle Age |
| 17:12 | Build | Town Center |
| 17:19 | Build | Town Center |
| 17:29 | Research | Bow Saw |
| 17:42 | Create | Villager (Male) |
| 18:24 | Create | Villager (Male) |
| 18:25 | Create | Villager (Male) |
| 18:35 | Create | Villager (Male) |
| 18:37 | Create | Villager (Male) |
| 18:46 | Research | Hand Cart |
| 18:50 | Create | Villager (Male) |
| 18:50 | Create | Villager (Male) |
| 18:51 | Create | Villager (Male) |
| 19:09 | Research | Heavy Plow |
| 19:30 | Create | Villager (Male) |
| 19:30 | Create | Villager (Male) |
| 19:36 | Create | Villager (Male) |
| 19:55 | Build | Mining Camp |
| 20:08 | Create | Villager (Male) |
| 20:09 | Create | Villager (Male) |
| 20:11 | Create | Villager (Male) |
| 20:26 | Build | Farm |
| 20:27 | Build | Farm |
| 20:28 | Build | Farm |
| 20:30 | Build | Farm |
| 20:32 | Build | Farm |
| 20:33 | Build | Farm |
| 20:34 | Build | Farm |
| 20:36 | Build | Farm |
| 20:39 | Build | Farm |
| 20:44 | Create | Villager (Male) ×5 |
| 20:44 | Create | Villager (Male) ×5 |
| 21:00 | Build | House |
| 21:07 | Build | House |
| 21:09 | Build | House |
| 21:11 | Build | House |
| 21:18 | Create | Villager (Male) |
| 21:18 | Create | Villager (Male) |
| 21:19 | Create | Villager (Male) |
| 21:19 | Create | Villager (Male) |
| 21:21 | Create | Villager (Male) |
| 21:22 | Create | Villager (Male) |
| 21:48 | Research | Forging |
| 21:59 | Research | Stone Shaft Mining |
| 22:16 | Build | Town Center |
| 22:19 | Create | Villager (Male) |
| 22:19 | Create | Villager (Male) |
| 22:20 | Create | Villager (Male) |
| 22:20 | Create | Villager (Male) |
| 22:20 | Create | Villager (Male) |
| 22:21 | Create | Villager (Male) |
| 22:21 | Create | Villager (Male) |
| 22:55 | Create | Villager (Male) |
| 22:56 | Create | Villager (Male) |
| 22:56 | Create | Villager (Male) |
| 22:56 | Create | Villager (Male) |
| 22:56 | Create | Villager (Male) |
| 22:57 | Create | Villager (Male) |
| 22:58 | Create | Villager (Male) |
| 22:58 | Create | Villager (Male) |
| 22:59 | Create | Villager (Male) |
| 22:59 | Create | Villager (Male) |
| 23:04 | Build | Farm |
| 23:14 | Build | Farm |
| 23:39 | Create | Villager (Male) |
| 23:40 | Create | Villager (Male) |
| 23:40 | Create | Villager (Male) |
| 23:40 | Create | Villager (Male) |
| 23:41 | Create | Villager (Male) |
| 24:27 | Create | Villager (Male) |
| 24:32 | Create | Villager (Male) ×5 |
| 24:32 | Create | Villager (Male) ×5 |
| 24:32 | Create | Villager (Male) ×4 |
| 24:40 | Build | House |
| 24:42 | Build | House |
| 24:44 | Build | House |
Build order — Murmaider
First 150 of 552 actions detected
| 0:01 | Create | Villager (Male) |
| 0:01 | Create | Villager (Male) |
| 0:02 | Build | House |
| 0:04 | Build | House |
| 0:26 | Create | Villager (Male) |
| 0:26 | Create | Villager (Male) |
| 0:26 | Create | Villager (Male) |
| 0:35 | Create | Villager (Male) |
| 0:35 | Create | Villager (Male) |
| 1:42 | Create | Villager (Male) |
| 1:42 | Create | Villager (Male) |
| 2:14 | Build | Lumber Camp |
| 2:33 | Create | Villager (Male) |
| 2:33 | Create | Villager (Male) |
| 2:56 | Create | Villager (Male) |
| 2:56 | Create | Villager (Male) |
| 2:57 | Create | Villager (Male) |
| 3:18 | Create | Villager (Male) |
| 3:18 | Create | Villager (Male) |
| 3:31 | Build | House |
| 4:05 | Create | Villager (Male) |
| 4:05 | Create | Villager (Male) |
| 5:34 | Create | Villager (Male) |
| 5:35 | Create | Villager (Male) |
| 6:31 | Build | House |
| 6:46 | Create | Villager (Male) |
| 7:05 | Create | Villager (Male) |
| 7:19 | Build | Mill |
| 7:35 | Create | Villager (Male) |
| 7:35 | Create | Villager (Male) |
| 8:15 | Create | Villager (Male) |
| 8:28 | Research | Feudal Age |
| 9:17 | Build | House |
| 9:26 | Build | Mining Camp |
| 10:39 | Age | Feudal Age |
| 10:43 | Build | Blacksmith |
| 10:49 | Build | Market |
| 10:53 | Create | Villager (Male) |
| 11:14 | Create | Villager (Male) |
| 11:57 | Research | Castle Age |
| 12:31 | Build | Barracks |
| 13:41 | Research | Horse Collar |
| 14:05 | Build | Farm |
| 14:08 | Build | Farm |
| 14:31 | Create | Villager (Male) |
| 14:32 | Create | Villager (Male) |
| 14:37 | Age | Castle Age |
| 14:40 | Build | Monastery |
| 14:47 | Build | Stable |
| 15:23 | Create | Monk |
| 15:27 | Create | Monk |
| 15:39 | Create | Villager (Male) |
| 15:48 | Build | Town Center |
| 16:01 | Build | House |
| 16:05 | Create | Scout Cavalry |
| 16:10 | Build | Farm |
| 16:48 | Build | Farm |
| 16:49 | Build | Farm |
| 17:27 | Create | Villager (Male) |
| 17:27 | Create | Villager (Male) |
| 17:33 | Research | Double-Bit Axe |
| 17:35 | Build | Farm |
| 17:35 | Build | Farm |
| 18:22 | Create | Villager (Male) |
| 18:22 | Create | Villager (Male) |
| 18:34 | Create | Villager (Male) |
| 18:34 | Create | Villager (Male) |
| 18:39 | Build | Farm |
| 18:40 | Build | Farm |
| 18:51 | Build | Farm |
| 18:51 | Build | Farm |
| 18:51 | Build | Farm |
| 18:57 | Build | Farm |
| 18:57 | Create | Villager (Male) |
| 18:58 | Create | Villager (Male) |
| 19:24 | Build | House |
| 19:26 | Build | House |
| 19:50 | Create | Knight |
| 19:53 | Create | Knight |
| 19:56 | Create | Monk |
| 20:26 | Build | House |
| 20:27 | Build | House |
| 20:29 | Create | Villager (Male) |
| 20:29 | Create | Villager (Male) |
| 20:29 | Create | Villager (Male) |
| 20:36 | Create | Monk |
| 21:00 | Create | Knight |
| 21:02 | Create | Villager (Male) |
| 21:02 | Create | Villager (Male) |
| 21:34 | Build | Town Center |
| 21:38 | Create | Villager (Male) |
| 21:38 | Create | Villager (Male) |
| 21:40 | Create | Knight |
| 21:41 | Create | Knight |
| 21:55 | Build | House |
| 21:56 | Build | House |
| 22:10 | Create | Knight |
| 22:48 | Create | Villager (Male) |
| 22:48 | Create | Villager (Male) |
| 22:49 | Create | Villager (Male) |
| 22:55 | Build | Farm |
| 22:56 | Build | Farm |
| 22:56 | Build | Farm |
| 22:56 | Build | Farm |
| 22:56 | Build | Farm |
| 22:57 | Build | Farm |
| 23:01 | Build | House |
| 23:02 | Build | House |
| 23:03 | Build | House |
| 23:48 | Build | Farm |
| 23:48 | Build | Farm |
| 23:51 | Create | Villager (Male) |
| 23:51 | Create | Villager (Male) |
| 23:52 | Create | Villager (Male) |
| 23:52 | Create | Villager (Male) |
| 23:56 | Build | Mining Camp |
| 24:30 | Create | Villager (Male) |
| 24:30 | Create | Villager (Male) |
| 24:30 | Create | Villager (Male) |
| 24:32 | Create | Knight |
| 24:32 | Create | Knight |
| 24:40 | Build | House |
| 24:41 | Build | House |
| 24:42 | Build | House |
| 25:13 | Build | Stable |
| 25:14 | Build | Stable |
| 25:15 | Build | Stable |
| 25:17 | Create | Villager (Male) |
| 25:17 | Create | Villager (Male) |
| 25:17 | Create | Villager (Male) |
| 25:37 | Research | Scale Barding Armor |
| 25:39 | Research | Forging |
| 25:41 | Create | Villager (Male) |
| 25:41 | Create | Villager (Male) |
| 25:41 | Create | Villager (Male) |
| 26:23 | Create | Villager (Male) |
| 26:24 | Create | Villager (Male) |
| 26:24 | Create | Villager (Male) |
| 26:24 | Create | Villager (Male) |
| 26:26 | Build | House |
| 26:27 | Build | House |
| 27:11 | Create | Villager (Male) |
| 27:11 | Create | Villager (Male) |
| 27:11 | Create | Villager (Male) |
| 27:11 | Create | Villager (Male) |
| 27:18 | Research | Light Cavalry (upgrade) |
| 27:19 | Research | Husbandry |
| 27:26 | Research | Bloodlines |
| 27:27 | Create | Knight |
| 27:27 | Create | Knight |
Build order — marktpedron
First 150 of 479 actions detected
| 0:01 | Create | Villager (Male) |
| 0:01 | Create | Villager (Male) |
| 0:02 | Build | House |
| 0:04 | Build | House |
| 0:07 | Create | Villager (Male) |
| 0:20 | Create | Villager (Male) |
| 1:40 | Create | Villager (Male) |
| 1:45 | Build | Lumber Camp |
| 2:10 | Create | Villager (Male) |
| 2:17 | Create | Villager (Male) |
| 2:58 | Create | Villager (Male) |
| 3:22 | Create | Villager (Male) |
| 3:33 | Research | Loom |
| 3:35 | Create | Villager (Male) |
| 4:08 | Create | Villager (Male) |
| 4:12 | Build | House |
| 4:15 | Create | Villager (Male) |
| 4:45 | Build | Mill |
| 5:06 | Create | Villager (Male) |
| 5:07 | Create | Villager (Male) |
| 5:08 | Create | Villager (Male) |
| 5:43 | Create | Villager (Male) |
| 5:47 | Create | Villager (Male) |
| 6:01 | Build | House |
| 7:00 | Create | Villager (Male) |
| 7:03 | Create | Villager (Male) |
| 7:22 | Research | Feudal Age |
| 8:00 | Build | Mining Camp |
| 8:18 | Build | Farm |
| 8:22 | Build | Farm |
| 8:56 | Create | Villager (Male) |
| 8:56 | Create | Villager (Male) |
| 9:21 | Build | Farm |
| 10:11 | Age | Feudal Age |
| 10:14 | Build | Market |
| 10:18 | Build | Blacksmith |
| 11:33 | Research | Castle Age |
| 11:48 | Create | Villager (Male) |
| 11:48 | Create | Villager (Male) |
| 11:59 | Research | Double-Bit Axe |
| 11:59 | Research | Double-Bit Axe |
| 12:03 | Research | Horse Collar |
| 12:40 | Build | Mining Camp |
| 12:50 | Create | Villager (Male) |
| 12:50 | Create | Villager (Male) |
| 14:13 | Age | Castle Age |
| 14:19 | Build | Town Center |
| 14:28 | Build | House |
| 14:32 | Research | Bow Saw |
| 15:44 | Create | Villager (Male) |
| 15:46 | Create | Villager (Male) |
| 15:53 | Build | Town Center |
| 15:56 | Create | Villager (Male) |
| 16:00 | Create | Villager (Male) |
| 16:24 | Create | Villager (Male) |
| 16:24 | Create | Villager (Male) |
| 16:30 | Build | Farm |
| 16:33 | Build | Farm |
| 16:51 | Build | Farm |
| 16:54 | Build | Farm |
| 16:56 | Build | Farm |
| 17:01 | Create | Villager (Male) |
| 17:10 | Build | Farm |
| 17:12 | Build | Farm |
| 17:25 | Build | House |
| 17:30 | Build | Town Center |
| 17:33 | Create | Villager (Male) |
| 17:42 | Build | Farm |
| 17:49 | Build | Farm |
| 18:02 | Create | Villager (Male) |
| 18:08 | Build | Farm |
| 18:15 | Build | House |
| 18:19 | Create | Villager (Male) |
| 18:33 | Build | Farm |
| 18:33 | Create | Villager (Male) |
| 18:41 | Build | Farm |
| 18:48 | Build | House |
| 18:54 | Create | Villager (Male) |
| 18:59 | Build | Farm |
| 19:12 | Create | Villager (Male) |
| 19:15 | Build | Farm |
| 19:15 | Create | Villager (Male) |
| 19:15 | Create | Villager (Male) |
| 19:28 | Create | Villager (Male) |
| 19:43 | Create | Villager (Male) |
| 19:45 | Create | Villager (Male) |
| 19:51 | Build | Farm |
| 20:00 | Build | Farm |
| 20:01 | Create | Villager (Male) |
| 20:04 | Build | House |
| 20:05 | Build | House |
| 20:06 | Create | Villager (Male) |
| 20:16 | Create | Villager (Male) |
| 20:24 | Build | Farm |
| 20:32 | Create | Villager (Male) |
| 20:38 | Create | Villager (Male) |
| 20:41 | Build | Farm |
| 20:45 | Create | Villager (Male) |
| 20:54 | Build | Farm |
| 20:56 | Build | Farm |
| 20:57 | Build | Farm |
| 20:58 | Create | Villager (Male) |
| 21:01 | Create | Villager (Male) |
| 21:04 | Build | Farm |
| 21:06 | Build | Farm |
| 21:07 | Create | Villager (Male) |
| 21:09 | Build | House |
| 21:11 | Build | House |
| 21:14 | Create | Villager (Male) |
| 21:22 | Build | Farm |
| 21:27 | Create | Villager (Male) |
| 21:35 | Build | Farm |
| 21:35 | Build | Farm |
| 21:36 | Create | Villager (Male) |
| 21:44 | Build | Farm |
| 21:45 | Build | Farm |
| 21:45 | Build | Farm |
| 21:46 | Build | Farm |
| 21:47 | Build | Farm |
| 21:48 | Create | Villager (Male) |
| 21:48 | Create | Villager (Male) |
| 21:49 | Create | Villager (Male) |
| 22:01 | Research | Heavy Plow |
| 22:01 | Research | Heavy Plow |
| 22:10 | Build | House |
| 22:11 | Build | House |
| 22:12 | Build | House |
| 22:12 | Create | Villager (Male) |
| 22:13 | Create | Villager (Male) |
| 22:16 | Build | House |
| 22:18 | Build | House |
| 22:19 | Build | House |
| 22:30 | Build | Farm |
| 22:30 | Build | Farm |
| 22:31 | Build | Farm |
| 22:31 | Build | Farm |
| 22:31 | Build | Farm |
| 22:32 | Build | Farm |
| 22:32 | Build | Farm |
| 22:32 | Create | Villager (Male) |
| 22:33 | Create | Villager (Male) |
| 22:34 | Create | Villager (Male) |
| 22:34 | Create | Villager (Male) |
| 22:46 | Research | Gold Mining |
| 22:57 | Research | Stone Mining |
| 23:01 | Create | Villager (Male) |
| 23:12 | Create | Villager (Male) |
| 23:12 | Create | Villager (Male) |
| 23:13 | Create | Villager (Male) |
| 23:20 | Create | Villager (Male) |
Build order — brunohay
First 150 of 633 actions detected
| 0:02 | Create | Villager (Male) |
| 0:06 | Build | House |
| 0:07 | Build | House |
| 0:08 | Create | Villager (Male) |
| 0:45 | Create | Villager (Male) |
| 0:45 | Create | Villager (Male) |
| 1:27 | Create | Villager (Male) |
| 2:08 | Create | Villager (Male) |
| 2:24 | Create | Villager (Male) |
| 2:42 | Build | Lumber Camp |
| 3:14 | Create | Villager (Male) |
| 3:14 | Create | Villager (Male) |
| 3:24 | Research | Loom |
| 3:33 | Build | House |
| 3:34 | Build | House |
| 3:37 | Build | House |
| 3:42 | Create | Villager (Male) |
| 3:59 | Create | Villager (Male) |
| 4:51 | Create | Villager (Male) |
| 4:51 | Create | Villager (Male) |
| 5:36 | Build | Mill |
| 5:49 | Build | House |
| 5:59 | Create | Villager (Male) |
| 7:05 | Create | Villager (Male) |
| 7:06 | Create | Villager (Male) |
| 7:06 | Create | Villager (Male) |
| 7:22 | Create | Villager (Male) |
| 7:23 | Create | Villager (Male) |
| 7:51 | Create | Villager (Male) |
| 8:45 | Create | Villager (Male) |
| 8:58 | Build | Mill |
| 9:00 | Create | Villager (Male) |
| 9:20 | Create | Villager (Male) |
| 9:41 | Build | House |
| 9:54 | Build | Mining Camp |
| 10:00 | Research | Feudal Age |
| 11:09 | Create | Villager (Male) |
| 11:10 | Create | Villager (Male) |
| 11:38 | Build | Lumber Camp |
| 12:01 | Build | Farm |
| 12:03 | Build | Farm |
| 13:01 | Age | Feudal Age |
| 13:10 | Create | Villager (Male) |
| 13:18 | Build | Blacksmith |
| 13:25 | Build | Market |
| 13:34 | Build | Market |
| 13:47 | Create | Villager (Male) |
| 14:22 | Build | Mining Camp |
| 14:55 | Research | Castle Age |
| 15:24 | Create | Villager (Male) |
| 16:55 | Build | Farm |
| 16:58 | Research | Horse Collar |
| 17:02 | Research | Double-Bit Axe |
| 17:08 | Build | Farm |
| 17:11 | Build | Farm |
| 17:15 | Build | Farm |
| 17:29 | Create | Villager (Male) |
| 17:35 | Age | Castle Age |
| 17:46 | Build | Siege Workshop |
| 18:11 | Build | Castle |
| 18:20 | Create | Villager (Male) |
| 18:20 | Create | Villager (Male) |
| 18:31 | Build | Barracks |
| 18:44 | Create | Villager (Male) |
| 19:28 | Build | Palisade Wall |
| 19:37 | Create | Villager (Male) |
| 19:37 | Create | Villager (Male) |
| 19:37 | Create | Villager (Male) |
| 19:42 | Research | Wheelbarrow |
| 19:49 | Build | House |
| 19:51 | Build | House |
| 19:53 | Build | House |
| 19:54 | Build | House |
| 20:05 | Research | Wheelbarrow |
| 20:06 | Research | Town Watch |
| 20:07 | Create | Villager (Male) |
| 20:08 | Create | Villager (Male) |
| 20:17 | Build | Monastery |
| 20:30 | Create | Spearman |
| 20:30 | Create | Spearman |
| 20:31 | Create | Spearman |
| 21:00 | Build | Town Center |
| 21:06 | Create | Jaguar Warrior |
| 21:06 | Create | Jaguar Warrior |
| 21:06 | Create | Jaguar Warrior |
| 21:16 | Create | Monk |
| 21:16 | Create | Monk |
| 21:17 | Create | Villager (Male) |
| 21:29 | Build | Mining Camp |
| 21:53 | Build | House |
| 21:54 | Build | House |
| 21:55 | Build | House |
| 21:56 | Build | House |
| 21:57 | Build | House |
| 21:58 | Build | House |
| 21:59 | Build | House |
| 22:26 | Create | Battering Ram |
| 22:26 | Create | Battering Ram |
| 22:51 | Build | Barracks |
| 22:57 | Create | Villager (Male) |
| 22:57 | Create | Villager (Male) |
| 22:58 | Create | Villager (Male) |
| 23:01 | Create | Villager (Male) |
| 23:02 | Create | Villager (Male) |
| 23:43 | Build | Watch Tower |
| 23:56 | Research | Redemption |
| 24:07 | Create | Villager (Male) |
| 24:08 | Create | Villager (Male) |
| 24:09 | Create | Villager (Male) |
| 24:09 | Create | Villager (Male) |
| 24:09 | Create | Villager (Male) |
| 24:29 | Build | Palisade Wall |
| 24:34 | Create | Villager (Male) |
| 24:41 | Build | Farm |
| 24:42 | Build | Farm |
| 24:44 | Build | Farm |
| 24:45 | Build | Farm |
| 24:47 | Build | Farm |
| 24:50 | Create | Villager (Male) |
| 25:22 | Create | Monk |
| 25:22 | Create | Monk |
| 25:38 | Create | Villager (Male) |
| 25:39 | Create | Villager (Male) |
| 25:40 | Create | Villager (Male) |
| 26:09 | Create | Monk |
| 26:12 | Research | Sanctity |
| 26:18 | Create | Villager (Male) |
| 26:19 | Create | Villager (Male) |
| 26:21 | Create | Villager (Male) |
| 26:31 | Build | Lumber Camp |
| 26:39 | Build | House |
| 26:40 | Build | House |
| 26:40 | Build | House |
| 26:41 | Build | House |
| 26:42 | Build | House |
| 26:42 | Build | House |
| 26:43 | Build | House |
| 26:46 | Create | Villager (Male) |
| 26:47 | Create | Villager (Male) |
| 26:48 | Create | Villager (Male) |
| 27:09 | Create | Spearman |
| 27:09 | Create | Spearman |
| 27:09 | Create | Spearman |
| 27:42 | Research | Atonement |
| 27:47 | Create | Villager (Male) |
| 27:47 | Create | Villager (Male) |
| 27:48 | Create | Villager (Male) |
| 27:48 | Create | Villager (Male) |
| 29:19 | Create | Villager (Male) |
| 29:19 | Create | Villager (Male) |
Build order — r45
First 150 of 615 actions detected
| 0:06 | Build | House |
| 0:11 | Build | House |
| 0:17 | Create | Villager (Male) |
| 0:18 | Create | Villager (Male) |
| 0:18 | Create | Villager (Male) |
| 0:18 | Create | Villager (Male) |
| 0:19 | Create | Villager (Male) |
| 2:00 | Create | Villager (Male) |
| 2:21 | Create | Villager (Male) |
| 2:40 | Build | Lumber Camp |
| 2:42 | Create | Villager (Male) |
| 3:09 | Create | Villager (Male) |
| 3:21 | Create | Villager (Male) |
| 3:48 | Build | House |
| 4:30 | Create | Villager (Male) |
| 5:07 | Create | Villager (Male) |
| 5:07 | Create | Villager (Male) |
| 5:41 | Build | Mill |
| 5:51 | Create | Villager (Male) |
| 5:58 | Create | Villager (Male) |
| 6:52 | Create | Villager (Male) |
| 6:52 | Create | Villager (Male) |
| 6:52 | Create | Villager (Male) |
| 7:03 | Build | House |
| 7:29 | Build | Mill |
| 8:00 | Create | Villager (Male) |
| 8:44 | Create | Villager (Male) |
| 8:45 | Create | Villager (Male) |
| 9:15 | Build | Mining Camp |
| 9:20 | Research | Feudal Age |
| 9:38 | Build | Farm |
| 9:43 | Build | Farm |
| 9:59 | Build | Farm |
| 10:21 | Build | House |
| 11:06 | Create | Villager (Male) |
| 11:06 | Create | Villager (Male) |
| 11:44 | Age | Feudal Age |
| 11:52 | Build | Blacksmith |
| 12:05 | Build | Market |
| 12:12 | Create | Villager (Male) |
| 12:40 | Create | Villager (Male) |
| 13:27 | Research | Castle Age |
| 14:18 | Create | Villager (Male) |
| 14:19 | Create | Villager (Male) |
| 14:38 | Build | House |
| 14:40 | Build | House |
| 15:23 | Build | Mill |
| 15:34 | Build | Farm |
| 15:40 | Build | Farm |
| 15:46 | Build | Farm |
| 15:53 | Build | Farm |
| 16:02 | Build | Farm |
| 16:07 | Age | Castle Age |
| 16:20 | Build | Town Center |
| 16:37 | Build | Town Center |
| 16:50 | Create | Villager (Male) |
| 16:51 | Create | Villager (Male) |
| 17:02 | Create | Villager (Male) |
| 17:03 | Create | Villager (Male) |
| 17:03 | Create | Villager (Male) |
| 17:39 | Research | Double-Bit Axe |
| 17:46 | Create | Villager (Male) |
| 17:55 | Research | Scale Barding Armor |
| 17:56 | Research | Forging |
| 18:23 | Build | Mining Camp |
| 18:29 | Create | Villager (Male) |
| 18:29 | Create | Villager (Male) |
| 19:05 | Build | Farm |
| 19:12 | Build | Farm |
| 19:20 | Create | Villager (Male) |
| 19:20 | Create | Villager (Male) |
| 19:20 | Create | Villager (Male) |
| 19:21 | Create | Villager (Male) |
| 19:41 | Build | House |
| 19:42 | Build | House |
| 19:45 | Build | House |
| 19:46 | Build | House |
| 19:47 | Build | House |
| 19:48 | Build | House |
| 19:49 | Build | House |
| 19:59 | Create | Villager (Male) |
| 19:59 | Create | Villager (Male) |
| 20:00 | Create | Villager (Male) |
| 20:10 | Build | Farm |
| 20:16 | Build | Farm |
| 20:22 | Build | Farm |
| 20:30 | Build | Farm |
| 20:32 | Create | Villager (Male) |
| 20:32 | Create | Villager (Male) |
| 20:32 | Create | Villager (Male) |
| 20:40 | Build | Farm |
| 20:46 | Build | Farm |
| 20:50 | Create | Villager (Male) |
| 20:50 | Create | Villager (Male) |
| 20:57 | Create | Villager (Male) |
| 21:29 | Build | Mining Camp |
| 21:36 | Create | Villager (Male) |
| 21:36 | Create | Villager (Male) |
| 21:36 | Create | Villager (Male) |
| 21:52 | Build | Barracks |
| 21:56 | Create | Villager (Male) |
| 21:56 | Create | Villager (Male) |
| 21:57 | Create | Villager (Male) |
| 22:03 | Create | Villager (Male) |
| 22:03 | Create | Villager (Male) |
| 22:04 | Create | Villager (Male) |
| 22:18 | Build | Farm |
| 22:24 | Build | Farm |
| 22:30 | Build | Farm |
| 22:31 | Create | Villager (Male) |
| 22:32 | Create | Villager (Male) |
| 22:32 | Create | Villager (Male) |
| 22:39 | Build | Farm |
| 22:53 | Build | Farm |
| 22:54 | Create | Villager (Male) |
| 22:55 | Create | Villager (Male) |
| 22:55 | Create | Villager (Male) |
| 23:20 | Build | Stable |
| 23:20 | Build | Stable |
| 23:31 | Create | Villager (Male) |
| 23:32 | Create | Villager (Male) |
| 23:32 | Create | Villager (Male) |
| 23:45 | Create | Villager (Male) |
| 23:45 | Create | Villager (Male) |
| 23:45 | Create | Villager (Male) |
| 24:10 | Create | Villager (Male) |
| 24:10 | Create | Villager (Male) |
| 24:11 | Create | Villager (Male) |
| 24:16 | Build | House |
| 24:17 | Build | House |
| 24:19 | Build | House |
| 24:22 | Create | Villager (Male) |
| 24:23 | Create | Villager (Male) |
| 24:23 | Create | Villager (Male) |
| 24:34 | Research | Chain Barding Armor |
| 25:18 | Build | Farm |
| 25:20 | Create | Villager (Male) |
| 25:20 | Create | Villager (Male) |
| 25:21 | Create | Villager (Male) |
| 25:42 | Research | Husbandry |
| 25:43 | Research | Light Cavalry (upgrade) |
| 25:51 | Create | Villager (Male) |
| 25:52 | Create | Villager (Male) |
| 25:52 | Create | Villager (Male) |
| 26:07 | Research | Iron Casting |
| 26:47 | Create | Villager (Male) |
| 26:47 | Create | Villager (Male) |
| 26:47 | Create | Villager (Male) |
| 26:56 | Create | Scout Cavalry |
| 26:56 | Create | Scout Cavalry |
Match timeline
| 9:28 | 飄飄雲 · first_building Barracks |
| 10:11 | marktpedron · age_up feudal |
| 10:17 | davidmarius · age_up feudal |
| 10:39 | Murmaider · age_up feudal |
| 11:11 | marktpedron · first_market_sell 100 wood |
| 11:13 | marktpedron · first_market_buy 100 food |
| 11:44 | r45 · age_up feudal |
| 12:12 | davidmarius · first_market_buy 100 food |
| 12:31 | Murmaider · first_building Barracks |
| 12:43 | 飄飄雲 · age_up feudal |
| 13:01 | brunohay · age_up feudal |
| 13:12 | .:sTeeL:. · age_up feudal |
| 13:18 | 飄飄雲 · first_building Archery Range |
| 13:19 | davidmarius · first_market_sell 100 wood |
| 13:25 | 飄飄雲 · first_building Stable |
| 13:58 | PAVE · age_up feudal |
| 14:13 | marktpedron · age_up castle |
| 14:22 | .:sTeeL:. · first_market_sell 100 wood |
| 14:36 | brunohay · first_market_buy 100 food |
| 14:37 | Murmaider · age_up castle |
| 14:40 | Murmaider · first_building Monastery |
| 14:47 | Murmaider · first_building Stable |
| 14:49 | brunohay · first_market_sell 100 wood |
| 16:07 | r45 · age_up castle |
| 16:11 | davidmarius · age_up castle |
| 17:08 | .:sTeeL:. · age_up castle |
| 17:35 | brunohay · age_up castle |
| 17:46 | brunohay · first_building Siege Workshop |
| 18:11 | brunohay · first_building Castle |
| 18:18 | PAVE · age_up castle |
| 18:31 | brunohay · first_building Barracks |
| 19:28 | brunohay · wall_segment Palisade Wall x4 |
| 20:17 | brunohay · first_building Monastery |
| 20:18 | davidmarius · first_building Barracks |
| 21:37 | davidmarius · wall_segment Stone Wall x16 |
| 21:52 | r45 · first_building Barracks |
| 22:17 | davidmarius · first_building Archery Range |
| 23:20 | r45 · first_building Stable |
| 24:29 | 飄飄雲 · age_up castle |
| 24:29 | brunohay · wall_segment Palisade Wall x4 |
| 25:58 | marktpedron · first_building Castle |
| 26:00 | 飄飄雲 · first_building Monastery |
| 26:01 | PAVE · first_building Castle |
| 26:13 | .:sTeeL:. · first_building Barracks |
| 26:48 | PAVE · first_building Barracks |
| 27:00 | .:sTeeL:. · first_building Castle |
| 27:51 | davidmarius · first_building Castle |
| 28:03 | marktpedron · first_building Barracks |
| 28:05 | marktpedron · first_building Siege Workshop |
| 28:21 | 飄飄雲 · first_market_buy 100 stone |
| 28:32 | 飄飄雲 · first_building Castle |
| 28:34 | marktpedron · first_building Archery Range |
| 28:36 | marktpedron · first_building Stable |
| 28:45 | .:sTeeL:. · first_building Monastery |
| 29:30 | PAVE · first_building Stable |
| 29:34 | davidmarius · first_building Siege Workshop |
| 30:11 | r45 · first_building Castle |
| 31:03 | davidmarius · wall_segment Stone Wall x7 |
| 31:11 | marktpedron · age_up imperial |
| 31:18 | davidmarius · wall_segment Stone Wall x15 |
| 31:53 | PAVE · age_up imperial |
| 32:01 | 飄飄雲 · age_up imperial |
| 32:17 | .:sTeeL:. · age_up imperial |
| 33:12 | 飄飄雲 · first_building Siege Workshop |
| 34:14 | marktpedron · wall_segment Stone Wall x26 |
| 35:27 | PAVE · first_building Siege Workshop |
| 36:33 | Murmaider · first_building Castle |
| 36:50 | marktpedron · wall_segment Stone Wall x68 |
| 38:09 | davidmarius · age_up imperial |
| 38:12 | Murmaider · age_up imperial |
| 38:19 | 飄飄雲 · wall_segment Stone Wall x1 |
| 38:26 | 飄飄雲 · wall_segment Stone Wall x17 |
| 38:38 | r45 · first_building Archery Range |
| 39:30 | r45 · age_up imperial |
| 39:40 | brunohay · age_up imperial |
| 40:43 | Murmaider · first_market_buy 100 food |
| 43:21 | Murmaider · first_building Archery Range |
| 44:19 | Murmaider · first_market_sell 500 stone |
| 44:28 | davidmarius · resign |
| 48:30 | marktpedron · tribute_sent a jugador 1 |
| 48:30 | marktpedron · tribute_sent a jugador 2 |
| 48:30 | marktpedron · tribute_sent a jugador 3 |
| 48:30 | marktpedron · tribute_sent a jugador 4 |
| 48:30 | marktpedron · tribute_sent a jugador 5 |
| 48:30 | marktpedron · tribute_sent a jugador 7 |
| 48:30 | marktpedron · tribute_sent a jugador 8 |
| 49:27 | PAVE · first_market_sell 500 wood |
| 52:59 | Murmaider · wall_segment Stone Wall x6 |
| 53:07 | r45 · first_market_sell 100 wood |
| 56:07 | r45 · tribute_sent a jugador 1 |
| 56:07 | r45 · tribute_sent a jugador 2 |
| 56:07 | r45 · tribute_sent a jugador 3 |
| 56:07 | r45 · tribute_sent a jugador 4 |
| 56:07 | r45 · tribute_sent a jugador 5 |
| 56:07 | r45 · tribute_sent a jugador 6 |
| 56:07 | r45 · tribute_sent a jugador 7 |
| 59:05 | Murmaider · wall_segment Stone Wall x8 |
| 59:13 | Murmaider · wall_segment Stone Wall x16 |
| 70:21 | r45 · wall_segment Stone Wall x8 |
[ AI ANALYSIS · 1 CREDIT ]
What really happened in this match?
Wolo.gg analyzes every decision: build order, eco, micro, common mistakes by bracket. Personalized analysis on WhatsApp or Discord in 30 seconds.
Civ guide
Bohemians
Map guide
Arena
Perfil
飄飄雲